 Dungeon Crawl Stone Soup version 0.29-a0-551-gffc1d7fb78 (webtiles) character file.

Game seed: 10313772835903072625

57 oldriver the Skirmisher (level 3, 0/31 HPs)
             Began as a Palentonga Delver on June 6, 2022.
             Succumbed to an adder's poison
             ... on level 4 of the Dungeon.
             The game lasted 00:01:00 (541 turns).

oldriver the Skirmisher (Palentonga Delver)          Turns: 541, Time: 00:01:00

Health: 0/31       AC:  4    Str: 17    XL:     3   Next: 73%
Magic:  3/3        EV:  9    Int: 10    God:
Gold:   0          SH:  0    Dex: 11    Spells: 2/2 levels left

rFire   . . .      SeeInvis +   a - +0 hand axe
rCold   . . .      Faith    .   (no shield)
rNeg    . . .      Spirit   .   b - +0 leather armour
rPois   .          Reflect  .   (no helmet)
rElec   .          Harm     .   (no cloak)
rCorr   .          Rampage  .   (no gloves)
Will    .....                   (no barding)
Stlth   ++........              (no amulet)
HPRegen 0.10/turn               (no ring)
MPRegen 0.08/turn               (no ring)

@: lethally poisoned (0 -> -4)
A: large, rugged brown scales 3, see invisible, deformed body, roll 1, armoured
tail
a: Rolling Charge


You were on level 4 of the Dungeon.
You visited 1 branch of the dungeon, and saw 2 of its levels.

Inventory:

Hand Weapons
 a - a +0 hand axe (weapon)
Armour
 b - a +0 leather armour (worn)
 e - a +0 barding
 f - a +0 pair of gloves
Wands
 g - a wand of digging (3)
Scrolls
 d - a scroll of magic mapping
Potions
 h - a potion of ambrosia


   Skills:
 + Level 3.6 Fighting
 * Level 3.5 Axes
 - Level 1.5 Dodging
 - Level 3.3 Stealth


You had 2 spell levels left.
You didn't know any spells.
Your spell library was empty.

Dungeon Overview and Level Annotations

Branches:
Dungeon (5/15)
 Temple: D:4-7

Altars:


Innate Abilities, Weirdness & Mutations

You are completely covered in rugged brown scales. (AC +3, +7% HP)
You have supernaturally acute eyesight. (SInv)
Armour fits poorly on your strangely shaped body.
You can roll at nearby foes to attack.
You have a long armoured tail.


Message History

The adder bites you but does no damage. The adder barely misses you.
The phantom attacks as you move away! The phantom hits you.
The adder barely misses you.
You see here a +0 barding.
e - a +0 barding The adder barely misses you.
The phantom hits you.
The phantom blinks!
You blink.
As you read the scroll labelled REAXZAA XUYDGHUQA, it crumbles to dust.
It is a scroll of identify.
h - a potion of ambrosia The phantom hits you.
As you read the scroll of fog, it crumbles to dust.
The scroll dissolves into smoke.
The ball python barely misses you. The phantom barely misses you.
The orc barely misses you.
The ball python attacks as you move away!
The ball python bites you but does no damage.
The adder completely misses you.
The ball python bites you but does no damage.
The orc hits you with a +0 dagger. The orc attacks as you move away!
The orc hits you with a +0 dagger.
* * * LOW HITPOINT WARNING * * *
The adder barely misses you. The adder attacks as you move away!
The adder bites you.
* * * LOW HITPOINT WARNING * * *
The ball python seems to regain its courage.
The adder bites you.
* * * LOW HITPOINT WARNING * * *
The orc seems to regain its courage.
The adder barely misses you. The ball python barely misses you.
The orc attacks as you move away! The orc hits you but does no damage.
The adder attacks as you move away! The adder bites you.
* * * LOW HITPOINT WARNING * * *
The adder bites you but does no damage. The adder attacks as you move away!
The adder bites you.
* * * LOW HITPOINT WARNING * * *
You are lethally poisoned!
The adder poisons you!
* * * LOW HITPOINT WARNING * * *
You feel sick.
You die...

#....o
########.....
#....§.§.....
#.....§§§..#
#...§§§§§§.#
#....§§§§§.# #
#.....§§§§§#
#.######.....§§§§##
#..@.SSoW...§.§§§#
########o......§.#
#.)......§#
##.......##
#########


You could see a phantom, an adder, 2 orcs and a ball python.

Vanquished Creatures
  A howler monkey (D:5)
  2 adders (D:5)
3 creatures vanquished.

Notes
Turn   | Place    | Note
-------+----------+-------------------------------------------
     0 | D:5      | oldriver the Palentonga Delver began the quest for the Orb.
     0 | D:5      | Reached XP level 1. HP: 19/19 MP: 1/1
    18 | D:5      | Reached XP level 2. HP: 18/25 MP: 2/2
   252 | D:5      | Noticed a howler monkey
   263 | D:5      | Killed a howler monkey
   264 | D:5      | Reached XP level 3. HP: 20/31 MP: 3/3
   475 | D:5      | Noticed an ice beast
   509 | D:5      | Noticed a scorpion
   517 | D:4      | Noticed a phantom
   540 | D:4      | HP: 1/31 [poisoned by an adder]
   541 | D:4      | Succumbed to an adder's poison

Illustrated notes

Levels and vault maps discovered:
D:4:      layout_loops_cross
D:5:      due_chaos_kobolds, layout_loops_ring, kennysheep_doodads,
          minmay_misc_feat_five

Skill      XL: |  1  2 |
---------------+-------+-----
Axes           | 3 |  3.5
Fighting       | |  3.6
Dodging        | |  1.5
Stealth        | |  3.3

Action                   || total
-------------------------++-------
Melee: Hand axe          ||    17
       Tailslap          ||     2
 Abil: Rolling Charge    ||     2
  Use: Potion            ||     1
       Scroll            ||     3
Armor: Leather armour    ||     7
Dodge: Dodged            ||    22

Table legend: (Time is in decaauts)
 A = Elapsed time spent in this place.
 B = Non-inter-level travel time spent in this place.
 C = Inter-level travel time spent in this place.
 D = Time resting spent in this place.
 E = Time spent auto-exploring this place.
 F = Levels seen in this place.
 G = Mean time per level.
                   A        B        C        D        E       F      G
               +--------+--------+--------+--------+--------+-----+--------+
         Total |    529 |    529 |      0 |    314 |     25 |   2 |  264.5 |
       Dungeon |    529 |    529 |      0 |    314 |     25 |   2 |  264.5 |
               +--------+--------+--------+--------+--------+-----+--------+

Top non-repeatable levels by time:
     D:5: 505 daAuts
     D:4: 23 daAuts
